[Event "Late-Titled-Tuesday-Blitz-February-06-2024"]
[Site "Chess.com"]
[Date "2024.02.06"]
[Round "2"]
[White "igorkovalenko"]
[Black "OglazaOskar2005"]
[Result "1-0"]
[WhiteElo "2996"]
[BlackElo "2615"]
[TimeControl "180+1"]
[EndTime "14:19:23 PST"]
[Termination "igorkovalenko won by resignation"]

1. c4 e5 2. Nc3 Nf6 3. Nf3 Nc6 4. g3 d6 5. Bg2 Be7 6. O-O O-O 7. d4 exd4 8. Nxd4 Nxd4 9. Qxd4 a6 10. a4 Rb8 11. a5 Bd7 12. e4 Bc6 13. b4 Nd7 14.
Bd2 Bf6 15. Qd3 b5 16. axb6 Rxb6 17. Rab1 Qb8 18. Nd5 Bxd5 19. cxd5 Ne5 20. Qc2 c6 21. f4 Ng4 22. dxc6 Bd4+ 23. Kh1 Nf2+ 24. Rxf2 Bxf2 25.
Rf1 Bd4 26. Qc4 Bf6 27. Bh3 Qc7 28.
Bd7 Rd8 29. Rc1 Rb5 30. Kg2 g6 31. h4 Rdb8 32. Rc2 a5 33. bxa5 Rb2 34. Kh3 Rxc2 35. Qxc2 Rb2 36. Qc1 Ra2 37. Bb4 h5 38. Qg1 Ra4 39.
Qb6 Bd8 40. Qxc7 Bxc7 41. Bxd6 Bxd6 42. c7 Bxc7 43. Bxa4 Bxa5 44. e5 Kg7 45. Bb3 Be1 46.
Kg2 Bd2 47. Kf3 Be1 48. Bc4 Kf8 49. Bd3 Ke7 50. Bc2 Bd2 51. Kf2 Bc3 52. Bd3 Bd4+ 53. Kf3 Bc3 54. Bc4 Be1 55. Kg2 Bc3 56. Bb3 Bd4 57. Kf3 Bc3 58. Bc2 Be1 59. Bd1 Bc3 60. Be2 Be1 61. f5 gxf5 62. Kf4 Bf2 63. Bxh5 Ke6 64.
Bd1 Be1 65. Bb3+ Ke7 66. h5 Bd2+ 67. Kxf5 Bh6 68. g4 Bd2 69. g5 Kf8 70. h6 Bc1 71. Kf6 Kg8 72. Bxf7+ Kh8 73. e6 Bb2+ 74. Kf5 Ba3 75.
g6 Bf8 76. g7+ Bxg7 77. hxg7+ Kxg7 78. Bh5 Kh6 79. e7 Kxh5 80. e8=Q+ Kh4 81. Qe3 1-0

[Event "Late-Titled-Tuesday-Blitz-February-06-2024"]
[Site "Chess.com"]
[Date "2024.02.06"]
[Round "2"]
[White "FaustinoOro"]
[Black "The_Straightforward_Rook"]
[Result "1/2-1/2"]
[WhiteElo "2742"]
[BlackElo "2430"]
[TimeControl "180+1"]
[EndTime "14:19:23 PST"]
[Termination "Game drawn - insufficient material"]

1. e4 c6 2. Nf3 d5 3. Nc3 dxe4 4.
Nxe4 Nf6 5. Qe2 Nxe4 6. Qxe4 Qd5 7.
Qh4 Qe6+ 8. Be2 Qg4 9. Qg3 Qxg3 10.
hxg3 g6 11. d4 Bf5 12. c3 Bg7 13. Bh6 Kf8 14. O-O-O Bxh6+ 15. Rxh6 Kg7 16. Rhh1 h5 17. Rhe1 Nd7 18. Bc4 e6 19. Bb3 Bg4 20. Rd3 Rad8 21. Ne5 Nxe5 22. Rxe5 Bf5 23. Rde3 h4 24. gxh4 Rxh4 25.
f3 b6 26. g4 f6 27. Rxe6 Bxe6 28. Rxe6 c5 29. d5 f5 30. g5 c4 31. Ba4 Rxd5 32. Re7+ Kf8 33. Rxa7 Rh1+ 34. Kc2 Rh2+ 35. Kc1 Re5 36.
Bd1 Re1 37. Rd7 Ke8 38. Rd4 b5 39. a4 bxa4 40. Rxc4 Rhh1 41. Rd4 Rhg1 42. f4 Rg2 43. Rxa4 Rf1 44. Rd4 Rgf2 45. b4 Rxf4 46. Rd6 Kf7 47. b5 Rc4 48. Kb2 Rc5 49. Bb3+ Ke7 50. Re6+ Kd7 51.
Rxg6 Rxb5 52. Rf6 f4 53. g6 Rg5 54. Bf7 f3 55. Bc4 Rf2+ 56. Kb3 Rfg2 57. Rxf3 Rxg6 58. Bb5+ Kc7 59. Bc4 R2g3 60. Rxg3 Rxg3 61. Kb4 Rxc3 62. Kxc3 1/2-1/2

[Event "Late-Titled-Tuesday-Blitz-February-06-2024"]
[Site "Chess.com"]
[Date "2024.02.06"]
[Round "2"]
[White "WPWPWP-2015"]
[Black "MajorCoast"]
[Result "1-0"]
[WhiteElo "2490"]
[BlackElo "2208"]
[TimeControl "180+1"]
[EndTime "14:19:23 PST"]
[Termination "WPWPWP-2015 won on time"]

1. d4 e6 2. e4 a5 3. Nc3 Bb4 4.
Qg4 g6 5. e5 h5 6. Qg3 c5 7. Nf3 Nc6 8. Bg5 Qb6 9. d5 Nd4 10.
O-O-O Bxc3 11. bxc3 Nb5 12. Bxb5 Qxb5 13. d6 a4 14. Qf4 a3 15. Rhe1 Ra4 16. Re4 Qb2+ 17.
Kd2 Rxe4 18. Qxe4 Qxa2 19. Qa4 Nh6 20. Bxh6 Rxh6 21. Qa8 Kd8 22. Qa5+ Ke8 23. Qc7 Qd5+ 24. Ke3 Qc6 25. Ra1 Qxc7 26. dxc7 d5 27. exd6 Kd7 28. Ng5 f6 29. Ne4 f5 30. Nxc5+ Kxd6 31.
Nd3 Kxc7 32. Rxa3 Rh7 33. f4 Rd7 34. Ra5 Rd5 35. Ra4 Bd7 36. Ra8 Bb5 37. Ne5 Rd1 38.
Rg8 Rh1 39. h3 Rc1 40. Kd2 Rf1 41. Rxg6 Rf2+ 42. Ke3 Rxc2 43. Rg7+ Kb6 44. Kd4 Rf2 45. g3 Rd2+ 46. Ke3 Rc2 47. Rg6 Rxc3+ 48. Kd4 Ra3 49.
Rxe6+ Ka5 50. Rf6 Ra4+ 51. Kc5 Ra3 52. Rf8 b6+ 53. Kd4 Kb4 54. Kd5 Rxg3 55. Ke6 Rxh3 56. Kxf5 Rh1 57. Rb8 h4 58. Kg4 Kc5 59. Rc8+ Kd6 60. Rb8 Be2+ 61. Kf5 b5 62. Rb6+ Kc5 63. Rc6+ Kb4 64. Ke4 1-0

[Event "Late-Titled-Tuesday-Blitz-February-06-2024"]
[Site "Chess.com"]
[Date "2024.02.06"]
[Round "2"]
[White "JackRodgers"]
[Black "martinez_95"]
[Result "1-0"]
[WhiteElo "2493"]
[BlackElo "2214"]
[TimeControl "180+1"]
[EndTime "14:19:30 PST"]
[Termination "JackRodgers won on time"]

1. d4 Nf6 2. Bg5 c5 3. d5 d6 4. Nc3 Nbd7 5. e4 g6 6. f4 Bg7 7.
Nf3 O-O 8. a4 h6 9. Bh4 Qa5 10. Qd2 a6 11. Ra3 Qb4 12. Bd3 c4 13. Be2 Qxb2 14. Ra2 Qb4 15. O-O Nc5 16. Rb1 Qa5 17.
e5 dxe5 18. fxe5 Ng4 19. Bxe7 Re8 20. Bd6 Nxe5 21. Nxe5 Rxe5 22. Bxe5 Bxe5 23. Ne4 c3 24. Qe3 Nd7 25. Bc4 Qc7 26. Bb3 Bxh2+ 27. Kh1 Bf4 28. d6 Bxd6 29. Nxd6 Qxd6 30. Qe8+ Qf8 31. Bxf7+ Kg7 32.
Bxg6 Qxe8 33. Bxe8 Nf6 34. Re1 Bf5 35. Re7+ Kg8 36.
Re5 Rxe8 37. Rxf5 Re1+ 38. Kh2 Ng4+ 39. Kg3 Ne3 40. Rc5 Nd1 41. Rc8+ Kf7 42. Rc7+ Kf6 43.
Rxb7 Re2 44. Rb6+ Ke5 45. Rxa6 Ne3 46. Rxh6 Rxc2 47. Rxc2 Nxc2 48. Rc6 Nd4 49. Rc8 c2 50.
a5 c1=Q 51. Rxc1 Ne2+ 52. Kf2 Nxc1 53. a6 Nd3+ 54. Ke3 Nb4 55. a7 Nd5+ 56. Kf3 Nc7 57.
g4 Kf6 58. Kf4 Na8 59. Ke4 Kg5 60. Kd5 Kxg4 61. Kc6 Kf5 62. Kb7 Ke6 63. Kxa8 Kd7 64. Kb8 1-0

[Event "Late-Titled-Tuesday-Blitz-February-06-2024"]
[Site "Chess.com"]
[Date "2024.02.06"]
[Round "2"]
[White "Vladimir_Zakhartsov"]
[Black "Bryanl106"]
[Result "1/2-1/2"]
[WhiteElo "2813"]
[BlackElo "2550"]
[TimeControl "180+1"]
[EndTime "14:19:31 PST"]
[Termination "Game drawn - insufficient material"]

1. Nf3 Nf6 2. g3 g6 3. Bg2 Bg7 4. c4 O-O 5. Nc3 d6 6. d4 Nc6 7. O-O Bg4 8. h3 Bxf3 9. Bxf3 Nd7 10. e3 e5 11. d5 Ne7 12. Bg2 f5 13. Rb1 a5 14. a3 h5 15. h4 Kh7 16. b4 axb4 17. axb4 Nf6 18. Qc2 Ng4 19. Ne2 Ng8 20. e4 Bh6 21. exf5 gxf5 22. c5 Bxc1 23. Rbxc1 Rc8 24. Qd2 Qf6 25. f3 Qh6 26. Qxh6+ N4xh6 27. Ra1 Nf6 28. Nc3 Ra8 29. Rfd1 f4 30. gxf4 exf4 31. Bh3 Nf7 32. Rxa8 Rxa8 33. Nb5 dxc5 34. bxc5 Ra5 35. Nxc7 Rxc5 36.
d6 Rc6 37. Nb5 Rb6 38. Bf1 Ne5 39. Kf2 Kg6 40. Rd4 Kf5 41. Rb4 Nd5 42. Rb2 Kf6 43.
Rd2 Ne3 44. Be2 Ke6 45. Nc7+ Kd7 46. Bb5+ Kc8 47. Be8 N3c4 48. Rc2 Rxd6 49. Nb5 Rd2+ 50. Rxd2 Nxd2 51. Bxh5 Kd8 52. Ke2 Ndc4 53. Nd4 Ke7 54. Bg4 Ne3 55. Bc8 b6 56. Ba6 Kf6 57. Bd3 Ng2 58.
h5 Kg5 59. Bb5 Kxh5 60. Ne6 Kg6 61. Kf2 Kf6 62. Nc7 Nh4 63. Nd5+ Kf5 64. Be2 b5 65. Bxb5 Nexf3 66. Nxf4 Kxf4 67. Ke2 Ng5 68. Kd3 Ne4 69. Kc4 Ke5 70. Kd3 Nf5 71. Ke2 Nd4+ 72. Ke3 Nd6 73. Kd3 Kd5 74. Ke3 N6f5+ 75. Kd3 Kc5 76. Bc4 Kb4 77. Bd5 Nb5 78. Be4 Nfd6 79. Ke3 Nc3 80. Bd3 Kc5 81. Be2 Kd5 82. Kd3 Nde4 83. Bf3 Kc5 84. Bxe4 1/2-1/2

[Event "Late-Titled-Tuesday-Blitz-February-06-2024"]
[Site "Chess.com"]
[Date "2024.02.06"]
[Round "2"]
[White "CarlosjPineror"]
[Black "Dzidzik2203"]
[Result "1-0"]
[WhiteElo "2699"]
[BlackElo "2376"]
[TimeControl "180+1"]
[EndTime "14:19:33 PST"]
[Termination "CarlosjPineror won by resignation"]

1. e4 c5 2. Nf3 d6 3. d4 cxd4 4. Nxd4 Nf6 5. Nc3 a6 6. Bg5 e6 7. f4 Be7 8. Qe2 h6 9. Bh4 Nxe4 10. Nxe4 Bxh4+ 11. g3 Be7 12. O-O-O O-O 13. Bg2 d5 14. Nc3 Nc6 15. f5 Nxd4 16. Rxd4 Bf6 17. Rd3 b5 18. Rhd1 Qa5 19. Kb1 b4 20. Nxd5 exd5 21. Rxd5 Qc7 22. Rd6 Rb8 23. Qg4 Be5 24. Rxh6 Rd8 25. Rc1 Rd6 26.
Rh5 Bf6 27. Qh3 g6 28. Re1 Bxf5 29. Rxf5 gxf5 30. Qxf5 Qe7 31. Qg4+ Kf8 32. Rxe7 Kxe7 33. Be4 Rbd8 34. Bd3 a5 35. h4 Re6 36. Qd1 a4 37.
Qg1 a3 38. bxa3 bxa3 39. Kc1 Rb8 40. Qc5+ Ke8 41. Kd2 Kd8 42. Qxa3 Rbb6 43. Qa8+ Ke7 44. Qa7+ Kd8 45. h5 Bg5+ 46. Kc3 Rec6+ 47. Bc4 Bf6+ 48. Kd3 Rd6+ 49. Ke2 Bd4 50. Qxf7 Rf6 51. Qg8+ Kc7 52. Qh7+ Kd6 53. g4 Kc5 54. Bb3 Rf2+ 55. Kd3 Rf3+ 56. Ke4 Re3+ 57. Kf4 Rf6+ 58. Kg5 Rf2 59. Qc7+ Kb4 60.
Qd6+ Kc3 61. Qc6+ Kd2 62. Kg6 Rf6+ 63. Qxf6 Bxf6 64. Kxf6 Kc3 65. g5 Kd4 66. h6 Rf3+ 67. Kg7 Ke5 68. g6 Rh3 69. h7 Kd6 70. h8=Q Rxh8 71.
Kxh8 1-0

[Event "Late-Titled-Tuesday-Blitz-February-06-2024"]
[Site "Chess.com"]
[Date "2024.02.06"]
[Round "2"]
[White "Gryffindorac8"]
[Black "Korchmar_Vasiliy"]
[Result "0-1"]
[WhiteElo "2364"]
[BlackElo "2722"]
[TimeControl "180+1"]
[EndTime "14:19:34 PST"]
[Termination "Korchmar_Vasiliy won by checkmate"]

1. d4 d5 2. c4 c6 3. Nf3 Nf6 4. Nc3 a6 5. e3 e6 6. Bd3 dxc4 7.
Bxc4 b5 8. Bd3 c5 9. O-O Bb7 10. a4 b4 11. Nb1 Nbd7 12. Nbd2 cxd4 13. Nxd4 Nc5 14. Be2 Bd6 15. Bf3 Nd5 16. N2b3 O-O 17. Nxc5 Bxc5 18. Nb3 Bd6 19. e4 Nf4 20. e5 Bxf3 21.
Qxf3 Nxg2 22. Qxg2 Bxe5 23. Qe4 Qf6 24. Rb1 Rac8 25.
f4 Bb8 26. Be3 Rfd8 27. Rf2 h6 28. Rbf1 Rd5 29. Rg2 Rcd8 30. Bb6 R8d7 31. Qxb4 Rb7 32. a5 Rbd7 33. Qe4 Bd6 34. Bd4 Rxd4 35. Qxd4 Qxd4+ 36. Nxd4 Bc5 37. Kh1 Rxd4 38. Rc2 Bb4 39. Rc6 Bxa5 40. Rxa6 Bc7 41. f5 exf5 42. Rxf5 Rd2 43. b4 Rxh2+ 44.
Kg1 Rb2 45. b5 f6 46. Rc6 Be5 47. b6 Rxb6 48. Rxb6 Bd4+ 49. Kg2 Bxb6 50. Rd5 Kh7 51. Kf3 Bc7 52. Kg4 Kg6 53. Rd7 Be5 54. Rd5 h5+ 55.
Kh3 Kf5 56. Kg2 g5 57. Kf3 g4+ 58. Kg2 h4 59. Rb5 h3+ 60. Kh1 g3 61. Rb4 Kg5 62. Kg1 f5 63. Rc4 f4 64. Rc5 Kf5 65. Kh1 Ke4 66.
Rc4+ Bd4 67. Ra4 g2+ 68. Kh2 g1=Q+ 69. Kxh3 Qg3# 0-1

[Event "Late-Titled-Tuesday-Blitz-February-06-2024"]
[Site "Chess.com"]
[Date "2024.02.06"]
[Round "2"]
[White "varunkrishnanchess"]
[Black "Njal28"]
[Result "1-0"]
[WhiteElo "2645"]
[BlackElo "3011"]
[TimeControl "180+1"]
[EndTime "14:19:35 PST"]
[Termination "varunkrishnanchess won by resignation"]

1. e4 c5 2. Nf3 Nc6 3. d4 cxd4 4. Nxd4 Nf6 5. Nc3 e6 6. Be2 d6 7. O-O Be7 8. Be3 O-O 9. f4 a6 10. a4 Qc7 11. Kh1 Bd7 12. Qe1 Nxd4 13. Bxd4 Bc6 14.
Qg3 Rad8 15. Bd3 Rd7 16. Rae1 Re8 17. Nd5 exd5 18. exd5 Rdd8 19. dxc6 bxc6 20. Qh3 g6 21. f5 c5 22. Bxf6 Bxf6 23. fxg6 Rxe1 24. Qxh7+ Kf8 25.
Rxe1 d5 26. Rf1 Qe7 27. gxf7 Qxf7 28. Qh6+ Ke7 29. Qe3+ Kd6 30. Qf4+ Ke7 31. Qc7+ Kf8 32. Qxd8+ Bxd8 33. Rxf7+ Kxf7 34. Bxa6 Bf6 35. b3 Bc3 36. Bb7 d4 37. g3 Kf6 38. Kg2 Kf5 39. Kf3 Bd2 40.
h4 Ke5 41. g4 Be1 42. h5 Bd2 43. a5 Bxa5 44. g5 Kf5 45. g6 Kf6 46. Ke4 Kg7 47. Bc8 Bb4 48. Bg4 Bc3 49. Kd5 Bb4 50. Kc4 Kh6 51.
Kd5 Kg7 52. Be2 Kh6 53. Ke6 Kg7 54. Kf5 Bd2 55. Ke4 Bc3 56. Kd3 Bb4 57. Bf3 Kh6 58. Ke2 Kg7 59. Kf1 Bc3 60. Kg2 Bd2 61. Kh3 Kf6 62. Kg4 Be3 63. Be2 Bd2 64. Kf3 Kg7 65. Ke4 Bc3 66. Kd5 Bb4 67. Ke6 Bc3 68. Bd3 Bd2 69. Kd6 Bb4 70. Kd5 Kh6 71. Ke6 Kg7 72. h6+ Kxh6 73. Kf7 c4 74. bxc4 1-0

[Event "Late-Titled-Tuesday-Blitz-February-06-2024"]
[Site "Chess.com"]
[Date "2024.02.06"]
[Round "2"]
[White "Mariia89"]
[Black "N_Mullodzhanov"]
[Result "1/2-1/2"]
[WhiteElo "2190"]
[BlackElo "2467"]
[TimeControl "180+1"]
[EndTime "14:19:37 PST"]
[Termination "Game drawn by repetition"]

1. d4 Nf6 2. Nf3 g6 3. c4 Bg7 4.
Nc3 d6 5. e4 O-O 6. Be2 e5 7.
O-O Nc6 8. d5 Ne7 9. b4 Nd7 10.
a4 a5 11. Ba3 b6 12. bxa5 Rxa5 13. Bb4 Ra8 14. a5 bxa5 15. Bxa5 Ba6 16. Nd2 f5 17. Nb5 Bxb5 18. cxb5 Nc5 19. Bf3 Nxd5 20. exd5 e4 21. Ra3 exf3 22. Qxf3 Bb2 23. Ra2 Bf6 24.
Nc4 Re8 25. b6 cxb6 26. Bxb6 Qd7 27. Rxa8 Rxa8 28. Bxc5 dxc5 29. d6 Ra2 30. Qd5+ Kg7 31. Qxc5 Rc2 32. Qd5 f4 33. h3 f3 34. Ne5 Bxe5 35.
Qxe5+ Kf7 36. Qf4+ Kg7 37. Qe5+ Kf7 38. Re1 Re2 39.
Qf4+ Kg7 40. Rxe2 fxe2 41. Qe5+ Kg8 42. Qxe2 Qxd6 43. Qe8+ Kg7 44. Qe3 Qd1+ 45. Kh2 Qd6+ 46. Qg3 Qf6 47. Qf3 Qd6+ 48. Qg3 Qe7 49. Qf4 g5 50. Qd4+ Kg6 51. Qd3+ Kg7 52. g3 Qf6 53. Qe3 h6 54. Kg2 h5 55. Qf3 Qg6 56. Qb7+ Kh6 57. Qf3 h4 58. Qg4 Qc6+ 59. Qf3 Qd6 60. Qg4 Qd5+ 61.
Qf3 Qd6 62. Qg4 Qg6 63. Qf3 hxg3 64. Qxg3 Qe4+ 65. Qf3 Qg6 66. Qg3 Qe6 67. Qf3 Kg6 68.
Qg3 Qd5+ 69. Qf3 Qd6 70. Qg3 Qe7 71. Qf3 Kh6 72. Qg3 Qe4+ 73. Qf3 Qg6 74. Qg3 1/2-1/2

[Event "Late-Titled-Tuesday-Blitz-February-06-2024"]
[Site "Chess.com"]
[Date "2024.02.06"]
[Round "2"]
[White "Fandorine"]
[Black "AsterPhoenix"]
[Result "1/2-1/2"]
[WhiteElo "2955"]
[BlackElo "2618"]
[TimeControl "180+1"]
[EndTime "14:19:41 PST"]
[Termination "Game drawn by repetition"]

1. Nf3 d5 2. e3 Nf6 3. c4 e6 4. Nc3 dxc4 5. Bxc4 a6 6. O-O b5 7. Be2 Bb7 8. b3 c5 9. Bb2 Nbd7 10. a4 b4 11. Nb1 Be7 12. d3 Nd5 13. Qc1 Bf6 14.
Nfd2 O-O 15. Ne4 Bxb2 16. Qxb2 Qe7 17. Ned2 Qg5 18. Nf3 Qh6 19. Rc1 Rac8 20. Qd2 Rfd8 21. Ra2 e5 22. Rac2 f5 23. Qe1 g5 24. Nfd2 g4 25.
Nc4 Qe6 26. Bf1 h5 27. Nbd2 Nc3 28. Rxc3 bxc3 29. Rxc3 Bd5 30. e4 Bxc4 31. Rxc4 f4 32. Rc2 Kg7 33. a5 Nb8 34. Qc1 Nc6 35. Rxc5 Nd4 36.
Rc7+ Rxc7 37. Qxc7+ Rd7 38. Qb8 f3 39. Nc4 Ne2+ 40.
Kh1 Rxd3 41. gxf3 gxf3 42. Ne3 Rxb3 43. Qa7+ Qf7 44. Nf5+ Kf6 45. Qxa6+ Kg5 46. Bxe2 fxe2 47. Qxe2 Rb1+ 48. Kg2 Kf6 49. Qe3 Qg6+ 50. Qg3 Qxg3+ 51. hxg3 Ra1 52. Ne3 Rxa5 53. Kh3 Kg5 54. Kg2 Ra2 55. Nc4 Kf6 56. Ne3 Ke6 57. Kf3 Rb2 58. Nf5 Rb3+ 59.
Kg2 Kf6 60. Ne3 Ra3 61. Nd5+ Kg5 62. Ne3 h4 63. gxh4+ Kxh4 64. Kf3 Kg5 65. Kg3 Ra4 66. Kf3 Rb4 67. Nd5 Rb3+ 68. Ne3 Ra3 69. Kg3 Rb3 70. Kf3 Ra3 1/2-1/2

[Event "Late-Titled-Tuesday-Blitz-February-06-2024"]
[Site "Chess.com"]
[Date "2024.02.06"]
[Round "2"]
[White "LionTheLeon_06"]
[Black "Walter_White_Poland"]
[Result "1-0"]
[WhiteElo "2886"]
[BlackElo "2404"]
[TimeControl "180+1"]
[EndTime "14:19:42 PST"]
[Termination "LionTheLeon_06 won by resignation"]

1. e4 e6 2. Nf3 d5 3. d3 dxe4 4. dxe4 Qxd1+ 5. Kxd1 Nc6 6. c3 Bc5 7. Ke1 a5 8. Bd3 e5 9. Ke2 Nf6 10. Bg5 Nd7 11. Nbd2 f6 12. Bh4 Nb6 13. Ne1 a4 14. Nc2 Be6 15. Rhd1 O-O-O 16. Nf1 Rxd3 17. Rxd3 Bc4 18.
b3 Bxd3+ 19. Kxd3 Rd8+ 20. Ke2 Be7 21. f3 Kd7 22. Nfe3 Ke6 23. b4 Na7 24. Na3 c5 25. Be1 cxb4 26. cxb4 Nc6 27. Nec2 Nd4+ 28. Nxd4+ Rxd4 29. Rb1 Nc4 30. Nc2 Rd7 31. b5 Bc5 32. Rc1 b6 33. Bc3 Rd8 34. Ne1 Ba3 35. Rc2 Bc5 36. Rc1 Ba3 37. Rb1 Bc5 38. Nd3 Rc8 39. Be1 Na3 40.
Rc1 Kd7 41. Nxc5+ Rxc5 42. Rxc5 bxc5 43. Kd3 Kd6 44. b6 Kc6 45. Ba5 Nb5 46. h4 Nd6 47. h5 Nc8 48. Bd2 Nxb6 49. Kc3 Kb5 50. Kd3 Nc8 51. h6 gxh6 52. Bxh6 Nd6 53. Bg7 c4+ 54. Kc3 Ne8 55. Bf8 Nc7 56. Be7 Ne8 57. g3 Kc6 58.
Kxc4 Kd7 59. Bf8 h5 60. Kb4 Ke6 61. Kxa4 f5 62. Kb5 f4 63. gxf4 h4 64. Bc5 exf4 65.
Bg1 Nd6+ 66. Kb4 Ke5 67. a4 Nxe4 68. fxe4 f3 69. a5 h3 70. a6 Kxe4 71. a7 h2 72. Bxh2 f2 73. a8=Q+ Ke3 74. Qa6 1-0

[Event "Late-Titled-Tuesday-Blitz-February-06-2024"]
[Site "Chess.com"]
[Date "2024.02.06"]
[Round "2"]
[White "bascheyaro"]
[Black "Baronessa08"]
[Result "1/2-1/2"]
[WhiteElo "2781"]
[BlackElo "2530"]
[TimeControl "180+1"]
[EndTime "14:19:44 PST"]
[Termination "Game drawn - insufficient material"]

1. d4 d5 2. Nf3 Nf6 3. c4 e6 4. Nc3 Nbd7 5. Bg5 h6 6. Bh4 dxc4 7. e3 a6 8. a4 Be7 9. Bxc4 O-O 10. O-O b6 11. Rc1 Bb7 12. Qe2 Nd5 13. Bg3 Nxc3 14. bxc3 Bd6 15. Bd3 Bxg3 16. fxg3 Qe7 17. e4 e5 18. Nh4 g6 19. Qe3 Kg7 20. Rc2 Qg5 21.
Qf2 Rae8 22. Re2 Re7 23. Bc2 Rfe8 24. Nf3 Qf6 25. Nxe5 Qxf2+ 26. Rexf2 Nxe5 27. dxe5 Rf8 28. Bb3 Bxe4 29. e6 f5 30. Rd2 Kf6 31. g4 b5 32.
a5 c5 33. gxf5 gxf5 34. Bd5 Rd8 35. Rfd1 Bxd5 36. Rxd5 Rxd5 37. Rxd5 c4 38. Rd8 Rxe6 39. Kf2 Kg5 40. Kf3 Re1 41. Rg8+ Kf6 42. Ra8 Rc1 43.
Rxa6+ Kg5 44. h4+ Kxh4 45. Kf4 Rf1+ 46. Ke5 Kg5 47. Rb6 Rc1 48. Kd4 Rc2 49. a6 Rxg2 50. Rxb5 Ra2 51. Rb6 h5 52. Kxc4 h4 53. Kb5 h3 54. Rd6 h2 55. Rd1 Kg4 56. c4 Kg3 57.
c5 f4 58. c6 f3 59. c7 Rb2+ 60. Ka5 Ra2+ 61. Kb6 Rb2+ 62. Kc6 Rc2+ 63. Kb7 Kg2 64. c8=Q Rxc8 65. Kxc8 h1=Q 66. Rxh1 Kxh1 67. a7 f2 68. a8=Q+ Kg1 69. Qa7 Kg2 70. Qg7+ Kh1 71. Qf6 Kg2 72. Qg5+ Kh1 73. Qf5 Kg2 74. Kd7 f1=Q 75. Qxf1+ Kxf1 1/2-1/2

[Event "Late-Titled-Tuesday-Blitz-February-06-2024"]
[Site "Chess.com"]
[Date "2024.02.06"]
[Round "2"]
[White "valeriocarnicelli"]
[Black "alexrustemov"]
[Result "0-1"]
[WhiteElo "2531"]
[BlackElo "2791"]
[TimeControl "180+1"]
[EndTime "14:19:47 PST"]
[Termination "alexrustemov won by resignation"]

1. e4 e6 2. d4 d5 3. Nc3 dxe4 4. Nxe4 Bd7 5. Nf3 Bc6 6. Bd3 Nd7 7. c4 Bb4+ 8. Nc3 Ngf6 9. O-O O-O 10. Re1 Bxf3 11. Qxf3 c5 12. Qxb7 Rb8 13. Qxa7 Qc8 14. Bf4 Ra8 15. Qc7 cxd4 16. a3 Ba5 17. Qxc8 Rfxc8 18. b4 dxc3 19. bxa5 Nc5 20. Bc2 Rxa5 21. Be5 Na4 22. Rab1 h6 23. Rb4 Nc5 24. a4 Na6 25. Rb5 Rxb5 26.
axb5 Nb4 27. Bb3 c2 28. Rf1 Nd3 29. Bxf6 gxf6 30. Bxc2 Nb2 31. b6 Nxc4 32. b7 Rb8 33.
Rb1 Nd6 34. Bd3 Rxb7 35. Rxb7 Nxb7 36. f4 Nd6 37. Kf2 e5 38. fxe5 fxe5 39. Ke3 f5 40.
Bb1 Kg7 41. g3 Kf6 42. Bc2 Kg5 43. Kf3 Nb5 44. h4+ Kf6 45. Bb1 Nd4+ 46. Ke3 Ne6 47.
Bc2 e4 48. Bb1 Ke5 49. Ba2 Nc7 50. Bb3 Nd5+ 51. Ke2 f4 52. gxf4+ Nxf4+ 53. Kf2 Ng6 54. Kg3 e3 55. Bc2 Nf4 56. Kf3 e2 57. Kf2 Kd4 58. Ba4 Kc3 59. Bb5 Kd2 60. Bxe2 Nxe2 61. Kf3 h5 62. Ke4 Ke1 63. Kf5 Ng3+ 64. Kf4 Kf2 65.
Kg5 Kf3 66. Kf6 Kg4 67. Ke5 Kxh4 68. Kf4 Kh3 69. Kf3 h4 70. Kf2 Kg4 71. Kg1 h3 72. Kh2 Nf5 73. Kg1 Nh4 74. Kh1 Kg3 75. Kg1 Nf5 76.
Kh1 Ne3 77. Kg1 Ng4 78. Kh1 Nf2+ 79. Kg1 h2+ 80. Kf1 h1=Q+ 81. Ke2 Qd1+ 0-1

[Event "Late-Titled-Tuesday-Blitz-February-06-2024"]
[Site "Chess.com"]
[Date "2024.02.06"]
[Round "2"]
[White "nikitadovbnya2008"]
[Black "GP9isback23"]
[Result "1-0"]
[WhiteElo "2357"]
[BlackElo "2611"]
[TimeControl "180+1"]
[EndTime "14:19:49 PST"]
[Termination "nikitadovbnya2008 won by checkmate"]

1. d4 Nf6 2. c4 e6 3. Nc3 Bb4 4. e3 O-O 5. Bd2 d5 6. Nf3 b6 7.
cxd5 exd5 8. Rc1 Bb7 9. Bd3 a6 10. Ne5 Bd6 11. O-O Nbd7 12. f4 Ne4 13. Ne2 f6 14.
Nxd7 Qxd7 15. Ng3 Nxd2 16. Qxd2 Rfe8 17. Nf5 Bf8 18. Qc2 c6 19. Rf3 g6 20. Rg3 Kh8 21. Nh4 f5 22. Rh3 Kg8 23. Rg3 Kh8 24. Rh3 Kg8 25.
Nxf5 c5 26. Nh6+ Kg7 27. f5 c4 28. f6+ Kxf6 29. Ng8+ Kg7 30. Rxh7+ Kxh7 31. Nf6+ Kg7 32. Nxd7 cxd3 33. Qxd3 Bd6 34. Ne5 Re6 35. Qb3 b5 36. Nd7 Rae8 37. Rc3 R6e7 38. Nc5 Bc8 39. Qxd5 Rd8 40.
Qg5 Rde8 41. e4 Rf7 42. e5 Ref8 43. h3 Be7 44. Qg3 Rf1+ 45. Kh2 R1f4 46. d5 Bh4 47. Qd3 Bf5 48. Qe3 Bc8 49. Ne6+ Bxe6 50. dxe6 Bf2 51. Rc7+ Kg8 52. Qe2 Bb6 53. Rd7 Rf1 54. Qe4 Bg1+ 55.
Kg3 R1f5 56. Qg4 Bf2+ 57. Kh2 g5 58. e7 Re8 59. Qxf5 Rxe7 60. Qg6+ Kf8 61. Rxe7 Kxe7 62. Qf6+ Kd7 63. e6+ Kc7 64. Qf7+ Kb6 65. e7 Ka5 66.
e8=Q Bd4 67. Qe2 Be5+ 68. g3 g4 69. Kg2 Bxg3 70. Kxg3 gxh3 71. Kg4 Kb4 72. Qb3+ Ka5 73. Qd2+ Kb6 74. Qd8+ Kb7 75. Qf3+ Ka7 76. Qfa8# 1-0

[Event "Late-Titled-Tuesday-Blitz-February-06-2024"]
[Site "Chess.com"]
[Date "2024.02.06"]
[Round "2"]
[White "Siemba"]
[Black "Kostukov_Alex"]
[Result "1-0"]
[WhiteElo "2522"]
[BlackElo "2287"]
[TimeControl "180+1"]
[EndTime "14:19:53 PST"]
[Termination "Siemba won by checkmate"]

1. e4 c5 2. c3 g6 3. d4 cxd4 4. cxd4 d5 5. e5 Nc6 6. Nc3 Bg7 7. Nf3 Bg4 8. Be2 Nh6 9. h3 Bxf3 10. Bxf3 Nf5 11.
Bxd5 Nfxd4 12. Be3 Bxe5 13. O-O O-O 14. Re1 Bg7 15.
Rc1 e6 16. Be4 Nf5 17. Qb3 Nxe3 18. Rxe3 Nd4 19. Qa4 Qb6 20. Rd3 Qxb2 21. Rcd1 Qxc3 22. Rxc3 Ne2+ 23. Kf1 Nxc3 24. Qb3 Nxd1 25. Qxd1 Rab8 26.
Qa4 a6 27. Qb4 Rfd8 28. g3 Bf8 29. Qb3 a5 30. a4 Bb4 31. Kg2 Rd2 32. Qc4 b6 33. h4 Bc5 34. h5 Rxf2+ 35. Kh3 gxh5 36. Qc1 f6 37. Qh6 Rd8 38. Bxh7+ Kf7 39. Qxh5+ Ke7 40. Be4 Rdd2 41. Qg6 Rh2+ 42. Kg4 f5+ 43. Bxf5 exf5+ 44. Qxf5 Rd4+ 45. Kg5 Rhd2 46. Qh7+ Kd6 47. Qg6+ Kd5 48. Qf7+ Ke4 49. g4 Rd5+ 50. Kg6 Kd4 51. Qf3 Kc4 52. g5 Rd6+ 53. Kg7 Rf2 54. Qe4+ Kb3 55. g6 Rd4 56. Qe6+ Kxa4 57. Kg8 Rfd2 58. Qc6+ Kb4 59. g7 Rd7 60. Qe4+ Kb5 61. Qb1+ Ka6 62. Qf1+ Ka7 63.
Qh3 Rxg7+ 64. Kxg7 a4 65. Kf7 Rd4 66. Ke8 a3 67. Qb3 Ka6 68. Kf7 Ka5 69. Ke6 Ra4 70. Qc3+ Bb4 71. Qe5+ Bc5 72. Qc3+ Ka6 73. Qd3+ Ka7 74. Qd7+ Ka6 75. Qxa4+ Kb7 76. Kd7 Bf8 77. Qc6+ Ka6 78. Kc7 Bc5 79. Qa4# 1-0

[Event "Late-Titled-Tuesday-Blitz-February-06-2024"]
[Site "Chess.com"]
[Date "2024.02.06"]
[Round "2"]
[White "Angry_Twin"]
[Black "Ajedrez_con_German"]
[Result "0-1"]
[WhiteElo "3089"]
[BlackElo "2674"]
[TimeControl "180+1"]
[EndTime "14:19:58 PST"]
[Termination "Ajedrez_con_German won by resignation"]

1. e4 e6 2. d4 d5 3. Nd2 dxe4 4.
Nxe4 Bd7 5. Nf3 Bc6 6. Bd3 Nd7 7. O-O Ngf6 8. Qe2 Nxe4 9. Bxe4 Bxe4 10. Qxe4 c6 11. c3 Be7 12. Re1 O-O 13. Bf4 Nf6 14. Qc2 Re8 15. Rad1 Bd6 16. Be5 Qe7 17. h3 Rad8 18.
a4 h6 19. Re2 Nd7 20. Bh2 Bxh2+ 21. Nxh2 Nf6 22. Nf3 c5 23. Re5 cxd4 24. Nxd4 Qc7 25.
Qe2 a6 26. Re1 Rd5 27. Re3 Red8 28. Qf3 Qd7 29. b3 Rc5 30. Nc2 Qd5 31. Qxd5 Nxd5 32. Rd1 Rdc8 33. c4 Nxe3 34. Nxe3 b5 35. axb5 axb5 36.
Kf1 bxc4 37. bxc4 Ra8 38. Ke2 Ra2+ 39. Kf3 Rc7 40. Rd8+ Kh7 41. g4 Ra3 42. Kg2 Rxe3 43. fxe3 Rxc4 44. Kf3 Kg6 45. Rd7 Rc5 46. Re7 Kf6 47.
Rd7 Rc1 48. Ra7 Rf1+ 49. Kg2 Rb1 50. Kf3 Rb3 51. Rc7 Rd3 52. Ra7 Rd8 53. Kg3 Re8 54.
Kf3 Re7 55. Ra6 Rd7 56. Rb6 Ke7 57. Ra6 g6 58. Rb6 Rd6 59. Rb7+ Rd7 60. Rb8 Kf6 61. Rh8 Kg7 62. Ra8 Rd5 63. Ra7 h5 64. Rb7 Kf6 65.
Rc7 Rb5 66. Ra7 Rc5 67. Rb7 hxg4+ 68. hxg4 Rd5 69. Kf4 g5+ 70. Kf3 Kg6 71. Rc7 Rb5 72. Ra7 Rb1 73. Rc7 Rf1+ 74. Kg3 Ra1 75. Rb7 Ra3 76. Kf3 f5 77. gxf5+ exf5 78. Rb6+ Kh5 79.
Rf6 f4 80. Kf2 Rxe3 81. Rf8 Kg4 82. Rg8 Rf3+ 83. Kg2 Rg3+ 84. Kf2 Ra3 85. Re8 Ra2+ 86. Kg1 Kg3 87. Re1 g4 88. Kh1 Rh2+ 89. Kg1 f3 90.
Re3 Ra2 0-1